 Dungeon Crawl Stone Soup version 0.30-a0-134-gb40fab5c76 (webtiles) character file.

Game seed: 15038128014186750744

14278 greasedhog the Basher (level 12, -8/61 HPs)
             Began as a Gargoyle Chaos Knight on Sept 19, 2022.
             Was a Plaything of Xom.
             Mangled by an orc knight
             ... wielding a +0 great sword
              (15 damage)
             ... while paralysed by an orc sorcerer
             ... on level 2 of the Orcish Mines.
             The game lasted 00:21:31 (12358 turns).

greasedhog the Basher (Gargoyle Chaos Knight)      Turns: 12358, Time: 00:21:32

Health: -8/61      AC: 31    Str: 20    XL:     12   Next: 14%
Magic:  12/12      EV:  2    Int: 14    God:    Xom [*.....]
Gold:   1568       SH:  0    Dex:  7    Spells: 11/11 levels left

rFire   + + +      SeeInvis .    C - -1 demon whip (venom)
rCold   . . .      Faith    .    t - +0 kite shield
rNeg    + . .      Spirit   .    F - +0 plate armour
rPois   ∞          Reflect  .    f - +2 helmet
rElec   +          Harm     .    s - +0 cloak
rCorr   .          Rampage  .    q - +0 pair of gloves
Will    .....                    g - +0 pair of boots
Stlth   ..........               D - amulet "Omumea Ynah" {Acrobat rPois rF+++ Will- Dex-2}
HPRegen 0.20/turn                d - +4 ring of slaying
MPRegen 0.13/turn                z - ring of protection from cold

@: paralysed, mighty, unable to read
A: sickness immunity, AC +8, negative energy resistance 1, electricity
resistance, torment resistance 1, petrification resistance, frail 2, wild magic
1, cold vulnerability 1, inability to read after injury 1
a: Renounce Religion


You were on level 2 of the Orcish Mines.
You worshipped Xom.
You were a special plaything of Xom.
You visited 2 branches of the dungeon, and saw 12 of its levels.

You collected 1618 gold pieces.
You spent 50 gold pieces at shops.

Inventory:

Hand Weapons
 x - a +0 mace of protection
 C - a -1 demon whip of venom (weapon)
Missiles
 m - 3 throwing nets
Armour
 f - a +2 helmet (worn)
 g - a +0 pair of boots (worn)
 q - a +0 pair of gloves (worn)
 s - a +0 cloak (worn)
 t - a +0 kite shield (worn)
 F - a +0 plate armour (worn)
Jewellery
 d - a +4 ring of slaying (left hand)
 l - a ring of willpower
 z - a ring of protection from cold (right hand)
 D - the amulet "Omumea Ynah" (around neck) {Acrobat rPois rF+++ Will- Dex-2}
   (Xom gifted it to you on level 8 of the Dungeon)

   [amulet of the acrobat]

   It increases your evasion while moving and waiting.
   Dex:       It affects your dexterity (-2).
   rF:        It renders you almost immune to fire.
   rPois:     It protects you from poison.
   Will:      It decreases your willpower.
 G - a +4 ring of protection
Wands
 r - a wand of digging (5)
 v - a wand of charming (7)
 w - a wand of quicksilver (3)
Scrolls
 a - 2 scrolls of amnesia
 b - a scroll of identify
 i - 4 scrolls of teleportation
 p - 2 scrolls of magic mapping
 y - 2 scrolls of torment
 E - a scroll of summoning
Potions
 h - 3 potions of lignification
 j - 2 potions of attraction
 k - a potion of resistance
 n - 3 potions of brilliance
 o - a potion of ambrosia
 A - 2 potions of curing
 B - 3 potions of flight
Miscellaneous
 c - a piece from Xom's chessboard (15/15) (quivered)


   Skills:
 - Level 10.2 Fighting
 - Level 12.0 Maces & Flails
 - Level 10.0 Armour
 - Level 5.5 Dodging
 * Level 11.0 Shields
 * Level 2.1 Evocations


You had 11 spell levels left.
You didn't know any spells.
Your spell library contained the following spells:

 Spells                   Type           Power      Damage    Failure   Level
 Apportation              Tloc           0%         N/A       100%        1
 Foxfire                  Conj/Fire      0%         2x1d4     100%        1
 Freeze                   Ice            0%         1d3       100%        1
 Necrotise                Necr           0%         1d4       100%        1
 Ensorcelled Hibernation  Hex/Ice        0%         N/A       100%        2
 Passwall                 Tmut/Erth      0%         N/A       100%        2
 Confusing Touch          Hex            0%         N/A       100%        3
 Frozen Ramparts          Ice            0%         1d1       100%        3
 Ignite Poison            Fire/Tmut/Pois 0%         N/A       100%        3
 Inner Flame              Hex/Fire       0%         N/A       100%        3
 Kindle Blastsparks       Fire/Tloc/Air  0%         2d10      100%        3
 Mephitic Cloud           Conj/Pois/Air  0%         N/A       100%        3
 Swiftness                Air            0%         N/A       100%        3
 Vampiric Draining        Necr           0%         2d6       100%        3
 Animate Dead             Necr           0%         N/A       100%        4
 Flame Wave               Conj/Fire      0%         2d4       100%        4
 Hailstorm                Conj/Ice       0%         3d3       100%        4
 Sticky Flame             Conj/Fire      0%         2d3       100%        4
 Agony                    Necr           0%         N/A       100%        5
 Alistair's Intoxication  Tmut/Pois      0%         N/A       100%        5
 Borgnjor's Vile Clutch   Necr/Erth      0%         N/A       100%        5
 Freezing Cloud           Conj/Ice/Air   0%         6-21      100%        5
 Yara's Violent Unravell  Hex/Tmut       0%         3d3       100%        5
 Death Channel            Necr           0%         N/A       100%        6
 Enfeeble                 Hex            0%         N/A       100%        7
 Haunt                    Necr/Summ      0%         N/A       100%        7


Dungeon Overview and Level Annotations

Branches:
Dungeon (10/15)            Temple (0/1) D:7            Lair (0/5) D:10
    Orc (2/2) D:10
    Elf: Orc:2

Altars:
Dithmenos
Nemelex Xobeh
Vehumet
Yredelemnul
Zin

Shops:
D:2 :   D:4 !   D:6 *   D:10 [(


Innate Abilities, Weirdness & Mutations

You are immune to sickness and miasma.
Your stone body is resilient. (AC +8)
You are immune to poison.
You resist negative energy. (rN+)
You are resistant to electric shocks. (rElec)
You are resistant to unholy torment.
You are immune to petrification.
You are very frail. (-20% HP)
Your spells are a little harder to cast, but a little more powerful.
You are vulnerable to cold. (rC-)
You occasionally lose the ability to read scrolls when taking damage.


Message History

The orc warrior hits you from afar with a +0 trident.
* * * LOW HITPOINT WARNING * * *
The warg bites you but does no damage.
You feel much better. The warg bites you. The orc hits you but does no damage.
The orc wizard barely misses you.
The orc knight roars a battlecry!
Something hits you but does no damage. The gnoll hits you but does no damage.
The orc sorcerer hits you but does no damage.
The orc hits you but does no damage.
The orc warrior hits you but does no damage.
You closely miss the orc sorcerer.
The orc sorcerer is heavily wounded.
The warg completely misses you.
Unknown command.
You are too confused!
You hit the orc sorcerer.
The orc sorcerer looks as sick as possible!
The orc sorcerer is heavily wounded.
The orc hits you but does no damage. The orc barely misses you.
The orc wizard barely misses you.
The orc knight hits you but does no damage.
The orc warrior closely misses you. Something hits you but does no damage.
The gnoll hits you but does no damage.
The orc sorcerer points at you and mumbles some strange words.
You suddenly lose the ability to move!
The orc hits you but does no damage.
The orc warrior hits you but does no damage.
The orc warrior unwields a +0 arbalest.
The orc warrior wields a +0 dire flail.
The orc warrior hits you with a +0 dire flail.
You feel less confused.
The orc no longer looks unusually strong.
The warg bites you.
* * * LOW HITPOINT WARNING * * *
The orc hits you with a +0 war axe.
* * * LOW HITPOINT WARNING * * *
The orc hits you but does no damage.
An orc warrior comes into view. It is wielding a +0 glaive.
The orc wizard hits you but does no damage.
The orc knight hits you with a +0 great sword!
You die...
Xom chuckles heartily!

.... o....#
....# ......
..$..####.....#
.....#.......#
..........$.#
.....o.o....#
..<..oooo..##
.....oo@o...#
#.....ho{...#
#....{oog..##
#......)....#
........<......
........$......
......#........
..#..##........
..### ###......


You could see an orc knight, a warg, an orc sorcerer (strong, extremely
poisoned), 5 orc warriors, 2 orc wizards, a gnoll and 4 orcs.

Vanquished Creatures
  3 death yaks
  2 two-headed ogres (D:10)
  An orc high priest (Orc:1)
  Amaemon (D:8)
  An orc sorcerer (Orc:1)
  An orange demon (D:8)
  Maggie (D:8)
  Joseph (D:8)
  A komodo dragon (D:10)
  A troll (D:10)
  A queen bee (shapeshifter) (D:3)
  A hornet (D:8)
  12 yaks (D:9)
  A wyvern (D:8)
  A wraith (D:9)
  A golden eye (D:9)
  A steam dragon (D:10)
  A warg (Orc:2)
  3 water moccasins
  7 orc warriors
  2 ice beasts
  7 ogres
  3 centaurs
  A phantom (D:4)
  A bullfrog (D:8)
  2 necrophages
  2 gnoll sergeants
  2 scorpions
  2 wights (D:9)
  3 killer bees (D:9)
  2 howler monkeys
  A hound (D:5)
  3 jellies
  Crazy Yiuf (D:3)
  7 orc priests
  Jessica (D:3)
  An iguana (D:5)
  3 hell rats
  5 orc wizards
  6 gnolls
  An adder (D:2)
  2 river rats (D:10)
  A shadow imp (D:6)
  3 white imps
  3 ufetubi
  A worm (D:4)
  3 dart slugs
  42 orcs
  2 bats (D:1)
  9 endoplasms
  2 giant cockroaches
  4 goblins
  7 hobgoblins
  4 jackals (D:4)
  3 quokkas
  5 ball pythons
  3 frilled lizards
  7 kobolds
  13 rats
212 creatures vanquished.

Vanquished Creatures (collateral kills)
  2 yaks (D:9)
  A steam dragon (D:9)
  An ogre (D:6)
  2 orc warriors
  3 wights (D:9)
  3 orcs (D:9)
12 creatures vanquished.

Vanquished Creatures (others)
  An orc wizard (Orc:2)
  An adder (D:3)
  2 orcs
4 creatures vanquished.

Grand Total: 228 creatures vanquished

Notes
Turn   | Place    | Note
-------+----------+-------------------------------------------
     0 | D:1      | greasedhog the Gargoyle Chaos Knight began the quest for
                  | the Orb.
     0 | D:1      | Reached XP level 1. HP: 14/14 MP: 1/1
     6 | D:1      | XOM: divination: detect creatures
   375 | D:1      | Reached XP level 2. HP: 19/19 MP: 2/2
   707 | D:1      | XOM: silly message
   758 | D:1      | XOM: 9-stop teleportation journey
   988 | D:1      | Reached XP level 3. HP: 24/24 MP: 3/3
  1017 | D:1      | XOM is BORED!
  1071 | D:1      | XOM: give mutation
  1071 | D:1      | Gained mutation: Your body sometimes deteriorates upon
                  | taking damage. [Xom's mischief]
  1181 | D:1      | XOM: 1-stop teleportation journey
  1633 | D:2      | Found Geeh's Book Emporium.
  2276 | D:3      | Identified a scroll of acquirement
  2276 | D:3      | Acquired 846 gold pieces
  2290 | D:3      | Found a faded altar of an unknown god.
  2405 | D:3      | Reached skill level 4 in Maces & Flails
  2405 | D:3      | Reached XP level 4. HP: 30/30 MP: 4/4
  2687 | D:3      | Noticed Jessica
  2695 | D:3      | Killed Jessica
  2791 | D:3      | XOM: give mutations
  2791 | D:3      | Gained mutation: You are frail. (-10% HP) [Xom's mischief]
  2791 | D:3      | Gained mutation: You are clumsy. (Dex -2) [Xom's mischief]
  2791 | D:3      | Gained mutation: You are dopey. (Int -2) [Xom's mischief]
  2876 | D:3      | Found a runed translucent door.
  2877 | D:3      | Noticed Crazy Yiuf
  3048 | D:3      | Killed Crazy Yiuf
  3049 | D:3      | Reached XP level 5. HP: 30/30 MP: 5/5
  3104 | D:4      | Found a basalt altar of Yredelemnul.
  3223 | D:4      | Got Caxzar's Handbook of Stony Illusion
  3244 | D:4      | Found Wuckoiv's Distillery.
  3252 | D:4      | Bought a potion of heal wounds for 50 gold pieces
  3419 | D:4      | Noticed a phantom
  3430 | D:4      | XOM: divination: detect creatures
  3472 | D:4      | Killed a phantom
  3473 | D:4      | Reached skill level 5 in Fighting
  3634 | D:4      | Noticed an ogre
  3639 | D:4      | Killed an ogre
  3640 | D:4      | Reached skill level 5 in Maces & Flails
  3640 | D:4      | Reached XP level 6. HP: 32/36 MP: 6/6
  4141 | D:5      | Entered Level 5 of the Dungeon
  4188 | D:4      | XOM: divination: detect creatures
  4189 | D:4      | XOM: chaos upgrade
  4202 | D:4      | XOM: silly message
  4219 | D:3      | XOM: chaos cloud
  4221 | D:3      | Paralysed by you for 2 turns
  4229 | D:3      | an adder changed into a glowing shapeshifter
  4229 | D:3      | Noticed a glowing shapeshifter (glowing shapeshifter)
  4230 | D:3      | a glowing shapeshifter changed into a glowing orange brain
  4230 | D:3      | Noticed a glowing orange brain (glowing shapeshifter)
  4232 | D:3      | XOM: confuse monster(s)
  4232 | D:3      | a glowing orange brain changed into an anaconda
  4232 | D:3      | Noticed an anaconda (glowing shapeshifter)
  4233 | D:3      | an anaconda changed into a snapping turtle
  4233 | D:3      | Noticed a snapping turtle (glowing shapeshifter)
  4234 | D:3      | a snapping turtle changed into a swamp worm
  4234 | D:3      | Noticed a swamp worm (glowing shapeshifter)
  4235 | D:3      | XOM: enchant monster (bad)
  4243 | D:3      | Reached skill level 11 in Maces & Flails
  4243 | D:3      | Reached XP level 7. HP: 35/39 MP: 7/7
  4255 | D:3      | Noticed an orb spider
  4256 | D:3      | an orb spider changed into an eye of devastation
  4256 | D:3      | Noticed an eye of devastation (glowing shapeshifter)
  4257 | D:3      | an eye of devastation changed into a moth of wrath
  4257 | D:3      | Noticed a moth of wrath (glowing shapeshifter)
  4259 | D:3      | a moth of wrath changed into a merfolk
  4259 | D:3      | Noticed a merfolk (glowing shapeshifter)
  4261 | D:3      | a merfolk changed into a glowing orange brain
  4261 | D:3      | Noticed a glowing orange brain (glowing shapeshifter)
  4263 | D:3      | a glowing orange brain changed into a shock serpent
  4263 | D:3      | Noticed a shock serpent (glowing shapeshifter)
  4264 | D:3      | XOM: enchant monster (bad)
  4265 | D:3      | a shock serpent changed into an anaconda
  4265 | D:3      | Noticed an anaconda (glowing shapeshifter)
  4268 | D:3      | an anaconda changed into a water nymph
  4268 | D:3      | Noticed a water nymph (glowing shapeshifter)
  4269 | D:3      | a water nymph changed into a lindwurm
  4269 | D:3      | Noticed a lindwurm (glowing shapeshifter)
  4271 | D:3      | a lindwurm changed into an eye of devastation
  4271 | D:3      | Noticed an eye of devastation (glowing shapeshifter)
  4273 | D:3      | an eye of devastation changed into a wolf spider
  4273 | D:3      | Noticed a wolf spider (glowing shapeshifter)
  4274 | D:3      | a wolf spider changed into a shining eye
  4274 | D:3      | Noticed a shining eye (glowing shapeshifter)
  4277 | D:3      | Gained mutation: Potions are less effective at restoring
                  | your health. [a shining eye]
  4279 | D:3      | XOM: enchant monster (bad)
  4279 | D:3      | a shining eye changed into a two-headed ogre
  4279 | D:3      | Noticed a two-headed ogre (glowing shapeshifter)
  4282 | D:3      | a two-headed ogre changed into a mana viper
  4282 | D:3      | Noticed a mana viper (glowing shapeshifter)
  4286 | D:3      | XOM: confusion
  4291 | D:3      | a mana viper changed into a cane toad
  4291 | D:3      | Noticed a cane toad (glowing shapeshifter)
  4298 | D:3      | a cane toad changed into a polar bear
  4298 | D:3      | Noticed a polar bear (glowing shapeshifter)
  4304 | D:3      | XOM: noise
  4307 | D:3      | a polar bear changed into a queen bee
  4307 | D:3      | Noticed a queen bee (glowing shapeshifter)
  4308 | D:3      | XOM: confuse monster(s)
  4315 | D:3      | Killed a queen bee
  4316 | D:3      | Reached XP level 8. HP: 32/44 MP: 2/8
  4316 | D:3      | Reached skill level 5 in Dodging
  4316 | D:3      | Reached XP level 9. HP: 35/48 MP: 2/9
  4653 | D:5      | XOM: confuse monster(s)
  4690 | D:5      | Found a shadowy altar of Dithmenos.
  4920 | D:5      | XOM: noise
  5082 | D:5      | XOM: silly message
  5279 | D:4      | XOM: divination: detect creatures
  5557 | D:6      | XOM: enchant monster (bad)
  5884 | D:6      | XOM: cast spell 'Summon Hydra'
  5911 | D:6      | XOM: enchant monster (good)
  5917 | D:6      | Reached skill level 12 in Maces & Flails
  5918 | D:6      | Found Gaesuyfott's Goods Gallery.
  6213 | D:6      | XOM: divination: detect creatures
  6952 | D:7      | Found a staircase to the Ecumenical Temple.
  7147 | D:7      | XOM: confuse monster(s)
  7280 | D:7      | XOM: noise
  7448 | D:8      | XOM: polymorph water moccasin -> centaur
  7454 | D:8      | Reached XP level 10. HP: 54/54 MP: 10/10
  7550 | D:8      | XOM: enchant monster (bad)
  7613 | D:8      | Lost mutation: Potions are less effective at restoring your
                  | health. [potion of mutation]
  7613 | D:8      | Lost mutation: You are dopey. (Int -2) [potion of mutation]
  7613 | D:8      | Gained mutation: You have hidden genetic defects. [potion
                  | of mutation]
  7613 | D:8      | Gained mutation: You have supernaturally acute eyesight.
                  | (SInv) [potion of mutation]
  7613 | D:8      | Gained mutation: You are covered in fur. (AC +1) [potion of
                  | mutation]
  7614 | D:8      | Lost mutation: You have hidden genetic defects. [potion of
                  | mutation]
  7614 | D:8      | Lost mutation: You have supernaturally acute eyesight.
                  | (SInv) [potion of mutation]
  7614 | D:8      | Gained mutation: Potions are less effective at restoring
                  | your health. [potion of mutation]
  7614 | D:8      | Lost mutation: Your body sometimes deteriorates upon taking
                  | damage. [potion of mutation]
  7615 | D:8      | Lost mutation: Potions are less effective at restoring your
                  | health. [potion of mutation]
  7615 | D:8      | Lost mutation: You are clumsy. (Dex -2) [potion of
                  | mutation]
  7615 | D:8      | Lost mutation: You are covered in fur. (AC +1) [potion of
                  | mutation]
  7615 | D:8      | Gained mutation: You are vulnerable to cold. (rC-) [potion
                  | of mutation]
  7615 | D:8      | Gained mutation: You occasionally lose the ability to read
                  | scrolls when taking damage. [potion of mutation]
  7630 | D:8      | Noticed Maggie
  7635 | D:8      | XOM: confuse monster(s)
  7653 | D:8      | Killed Maggie
  7687 | D:8      | Found a sparkling altar of Nemelex Xobeh.
  7747 | D:8      | Noticed Joseph
  7747 | D:8      | XOM: chaos cloud
  7771 | D:8      | XOM: give mutations
  7771 | D:8      | Gained mutation: You expend magic power (3 MP) to
                  | strengthen your wands. [Xom's mischief]
  7771 | D:8      | Gained mutation: You are clumsy. (Dex -2) [Xom's mischief]
  7771 | D:8      | Gained mutation: You are very frail. (-20% HP) [Xom's
                  | mischief]
  7788 | D:8      | Killed Joseph
  7841 | D:8      | XOM: silly message
  8358 | D:8      | Found a radiant altar of Vehumet.
  8404 | D:8      | Noticed an orange demon
  8405 | D:8      | Noticed Amaemon
  8438 | D:8      | Killed Amaemon
  8445 | D:8      | XOM: cast spell 'Olgreb's Toxic Radiance'
  8449 | D:8      | Killed an orange demon
  8624 | D:8      | Identified the amulet "Omumea Ynah" {Acrobat rPois rF+++
                  | Will- Dex-2} (Xom gifted it to you on level 8 of the
                  | Dungeon)
  8624 | D:8      | XOM: god gift: amulet "Omumea Ynah" {Acrobat rPois rF+++
                  | Will- Dex-2}
  8672 | D:8      | Reached skill level 10 in Armour
  8802 | D:8      | Found a glowing silver altar of Zin.
  9193 | D:9      | Identified the +2 robe of Good Intentions {rC+++ Str+3
                  | Int-2 Dex-5}
  9262 | D:9      | XOM: give mutations
  9262 | D:9      | Lost mutation: You expend magic power (3 MP) to strengthen
                  | your wands. [Xom's mischief]
  9262 | D:9      | Lost mutation: You are clumsy. (Dex -2) [Xom's mischief]
  9262 | D:9      | Gained mutation: Your spells are a little harder to cast,
                  | but a little more powerful. [Xom's mischief]
  9338 | D:9      | Reached XP level 11. HP: 51/54 MP: 11/11
  9793 | D:10     | Entered Level 10 of the Dungeon
  9806 | D:9      | XOM: potion effect (heal wounds)
  9869 | D:10     | XOM: smoke on damage
  9873 | D:9      | XOM: enchant monster (good)
 10006 | D:9      | XOM: polymorph yak -> spriggan
 10010 | D:9      | XOM: noise
 10012 | D:9      | XOM: polymorph spriggan -> golden eye
 10362 | D:10     | Noticed a death yak
 10367 | D:10     | XOM: enchant monster (good)
 10367 | D:10     | Noticed a death yak
 10370 | D:10     | Noticed a death yak
 10382 | D:9      | XOM: smoke on damage
 10385 | D:9      | XOM: cast spell 'Summon Small Mammal'
 10389 | D:9      | Killed a death yak
 10443 | D:9      | XOM: god gift: 27 gold pieces
 10451 | D:9      | XOM: cloud trail
 10540 | D:10     | XOM: enchant monster (good)
 10554 | D:9      | XOM: confuse monster(s)
 10559 | D:9      | Killed a death yak
 10678 | D:10     | Found a staircase to the Lair.
 10743 | D:10     | Noticed a two-headed ogre
 10761 | D:10     | Killed a two-headed ogre
 10762 | D:10     | Reached skill level 10 in Shields
 10920 | D:10     | Killed a death yak
 11156 | D:10     | XOM: god gift: +8 halberd of protection
 11204 | D:10     | Found Leqor's Weapon Shop.
 11205 | D:10     | Found a staircase to the Orcish Mines.
 11207 | D:10     | Found Ziucyabb's Armour Shop.
 11243 | D:10     | XOM: scenery: summon butterflies
 11328 | D:10     | Noticed a two-headed ogre
 11339 | D:10     | XOM: divination: magic mapping
 11347 | D:10     | Killed a two-headed ogre
 11624 | Orc:1    | Entered Level 1 of the Orcish Mines
 11634 | D:10     | XOM: summons 10 friendly demons
 11639 | D:10     | Reached skill level 10 in Fighting
 11645 | D:10     | XOM: confuse monster(s)
 11799 | Orc:1    | Noticed an orc sorcerer
 11818 | Orc:1    | Killed an orc sorcerer
 11819 | Orc:1    | Reached XP level 12. HP: 61/61 MP: 12/12
 11873 | Orc:1    | XOM: 8-stop teleportation journey
 12036 | Orc:2    | Entered Level 2 of the Orcish Mines
 12048 | Orc:1    | Reached skill level 1 in Evocations
 12100 | Orc:2    | XOM: confuse monster(s)
 12125 | Orc:2    | Noticed an orc high priest
 12126 | Orc:2    | XOM: confuse monster(s)
 12152 | Orc:1    | XOM: silly message
 12154 | Orc:1    | Killed an orc high priest
 12346 | Orc:2    | Paralysed by an orc sorcerer for 5 turns
 12357 | Orc:2    | Paralysed by an orc sorcerer for 5 turns
 12358 | Orc:2    | Mangled by an orc knight

Illustrated notes

Levels and vault maps discovered:
D:1:      dpeg_arrival_refuge, layout_basic
D:2:      layout_basic, serial_shops, nicolae_shop_statue_plus
D:3:      layout_basic, ebering_ecumenical_altar_petrified,
          hangedman_decor_clover_reticule, uniq_jessica, uniq_crazy_yiuf_cottage
D:4:      layout_basic, mainiacjoe_overflow_concentric_impassable, serial_shops,
          shop
D:5:      layout_loops_ring, nicolae_dithmenos_shadow_blocks,
          small_statue_intersection, minmay_misc_feat_pillars,
          nicolae_fountain_basement
D:6:      layout_cave_pools, nicolae_alphabet_shops
D:7:      layout_basic, minmay_temple_entry_mini_moons
D:8:      layout_gridville, fiery_altar_vehumet, kennysheep_little_box,
          nemelex_spade_bored_becter, grunt_ministairs_6, uniq_maggie,
          uniq_joseph, uniq_amaemon
D:9:      layout_basic
D:10:     layout_cave_pools, dpeg_lair_monsters, orc_david_3
Orc:1:    layout_caves
Orc:2:    st_orc_pillars, layout_diamond_mine, basic_altar, serial_shops,
          nicolae_shop_temple_entry_statues_fountains, nicolae_shop_self_help,
          uniq_saint_roka

Skill      XL: |  1  2  3  4  5  6  7  8  9 10 11 12 |
---------------+-------------------------------------+-----
Fighting       | 4 5 7 10 | 10.2
Maces & Flails | 4 5 11 12 | 12.0
Armour         | 3 4 8 9 10 | 10.0
Shields        | 7 8 10 11 | 11.0
Dodging        | 5 |  5.5
Evocations     | 2 |  2.1

Action                   |  1- 3 |  4- 6 |  7- 9 | 10-12 || total
-------------------------+-------+-------+-------+-------++-------
Melee: Mace              |   116 |   137 |   332 |   139 ||   724
       Punch             |     1 |       |       |       ||     1
       Demon whip        |       |       |       |   368 ||   368
Evoke: Piece from Xom's  |       |     1 |       |     5 ||     6
       Wand              |       |       |       |     1 ||     1
  Use: Scroll            |     4 |     2 |     7 |     8 ||    21
       Potion            |       |     7 |     4 |     9 ||    20
 Stab: Petrified         |       |     6 |     2 |    11 ||    19
       Petrifying        |       |     1 |       |     1 ||     2
       Paralysed         |       |       |     4 |     3 ||     7
       Confused          |       |       |     3 |     6 ||     9
       Sleeping          |       |       |       |     1 ||     1
Armor: Leather armour    |     7 |       |       |       ||     7
       Ring mail         |    36 |    14 |       |       ||    50
       Chain mail        |       |   103 |   128 |    77 ||   308
       Plate armour      |       |       |       |   218 ||   218
Dodge: Dodged            |    46 |    41 |    64 |   127 ||   278
Block: Other             |    24 |    25 |       |       ||    49
       Buckler           |       |    20 |    33 |       ||    53
       Kite shield       |       |       |   166 |   216 ||   382
       Reflection        |       |       |     3 |     4 ||     7

Table legend: (Time is in decaauts)
 A = Elapsed time spent in this place.
 B = Non-inter-level travel time spent in this place.
 C = Inter-level travel time spent in this place.
 D = Time resting spent in this place.
 E = Time spent auto-exploring this place.
 F = Levels seen in this place.
 G = Mean time per level.
                   A        B        C        D        E       F      G
               +--------+--------+--------+--------+--------+-----+--------+
         Total |  12263 |  11834 |    429 |   2834 |   6800 |  12 | 1021.9 |
       Dungeon |  11663 |  11234 |    429 |   2493 |   6671 |  10 | 1166.3 |
  Orcish Mines |    599 |    599 |      0 |    340 |    129 |   2 |  299.5 |
               +--------+--------+--------+--------+--------+-----+--------+

Top non-repeatable levels by time:
     D:8: 1741 daAuts
     D:9: 1597 daAuts
     D:1: 1560 daAuts
     D:4: 1507 daAuts
     D:3: 1290 daAuts
     D:6: 1170 daAuts
    D:10: 866 daAuts
     D:5: 778 daAuts
     D:7: 672 daAuts
   Orc:1: 564 daAuts
     D:2: 478 daAuts
   Orc:2: 35 daAuts
